 Dungeon Crawl Stone Soup version 0.31.0-11-ge490571c62 (webtiles) character file.

Game seed: 15533597882400377619

135 qw the Shooter (level 4, 0/23 HPs)
             Began as a Spriggan Hunter on Feb 4, 2024.
             Slain by an orc
             ... wielding a +0 mace
              (4 damage)
             ... on level 3 of the Dungeon.
             The game lasted 00:00:06 (1688 turns).

qw the Shooter (Spriggan Hunter)                    Turns: 1688, Time: 00:00:06

Health: 0/23       AC:  2    Str:  7    XL:     4   Next: 96%
Magic:  5/5        EV: 20    Int: 10    God:
Gold:   101        SH:  0    Dex: 20    Spells: 3/3 levels left

rFire   . . .        a - +1 shortbow
rCold   . . .        (shield currently unavailable)
rNeg    . . .        c - +0 robe
rPois   .            (helmet restricted)
rElec   .            (no cloak)
rCorr   .            (gloves unavailable)
SInv    +            (boots unavailable)
Will    .....        (no amulet)
Stlth   ++           (no ring)
HPRegen 0.23/turn    (no ring)
MPRegen 0.09/turn

%: no passive effects
@: very quick
A: very small, no large weapons, unfitting armour, see invisible, speed 3
a: no special abilities


You were on level 3 of the Dungeon.
You visited 1 branch of the dungeon, and saw 3 of its levels.

You collected 121 gold pieces.
You spent 20 gold pieces at shops.


Innate Abilities, Weirdness & Mutations

You are very small and have problems with some larger weapons.
You are too small for most types of armour.
You have supernaturally acute eyesight. (SInv)
You cover ground extremely quickly. (Speed+++)


   Skills:
 + Level 1.7 Fighting
 - Level 5.2 Ranged Weapons
 - Level 5.1 Dodging
 - Level 1.5 Stealth


You had 3 spell levels left.
You didn't know any spells.
Your spell library was empty.

Inventory:

Hand Weapons
 a - a +1 shortbow (weapon)
Armour
 c - a +0 robe (worn)
Scrolls
 e - a scroll of poison {unknown}
Potions
 b - a potion of attraction {unknown}
 d - a potion of curing
 g - a potion of degeneration {unknown}
 h - a potion of berserk rage {unknown}

Dungeon Overview and Level Annotations

Branches:
Dungeon (3/15)

Altars:

Shops:
D:1 ?


Message History

There is an open door here.
Found a stone staircase leading down.
A goblin, 2 orcs and an orc priest come into view.
The goblin shouts!
The orc shouts! x2
You shoot an arrow. The arrow hits the orc.
The orc is heavily wounded.
You shoot an arrow. The arrow hits the orc!
You kill the orc!
You shoot an arrow. The arrow hits the orc priest.
The orc priest is lightly wounded.
The orc priest looks satisfied for a moment.
You shoot an arrow.
The arrow closely misses the orc priest.
You shoot an arrow. The arrow hits the orc priest.
The orc priest is heavily wounded.
You shoot an arrow. The arrow hits the orc priest.
The orc priest is severely wounded.
You shoot an arrow.
The arrow closely misses the orc priest.
The orc priest hits you with a +0 dagger.
You shoot an arrow. The arrow hits the orc priest.
The orc priest is severely wounded.
The orc priest hits you with a +0 dagger.
You shoot an arrow. The arrow hits the orc priest.
The orc priest is almost dead.
The orc priest closely misses you.
You shoot an arrow. The arrow barely misses the orc priest.
The arrow hits the goblin.
The goblin is heavily wounded.
The orc priest hits you with a +0 dagger.
You shoot an arrow. The arrow closely misses the orc.
The arrow hits the goblin.
You kill the goblin!
The orc completely misses you.
You shoot an arrow. The arrow hits the orc.
The orc is almost dead.
The orc priest calls down the wrath of Beogh upon you.
Beogh smites you!
Ouch! That really hurt!
The orc hits you with a +0 mace.
You die...

..... ....# .... ...## ).>. .o#
#o# #########@# #......##.#
#.####.##.########### #.#
#.#............### #.#
#.#...............# #.#
#.#...............# #.#
#.'...............### #.#
###..................
######'####....................


You could see an orc priest and an orc.

Vanquished Creatures
  Jessica (D:2)
  4 adders (D:2)
  3 dart slugs
  2 orcs (D:3)
  5 ball pythons
  7 endoplasms
  A giant cockroach (D:1)
  6 goblins
  6 hobgoblins
  8 jackals (D:1)
  4 quokkas
  3 bats
  2 frilled lizards
  3 kobolds
  3 rats
  A spectral hobgoblin (D:1)
59 creatures vanquished.

Notes
Turn   | Place    | Note
-------+----------+-------------------------------------------
     0 | D:1      | qw the Spriggan Hunter began the quest for the Orb.
     0 | D:1      | Reached XP level 1. HP: 10/10 MP: 2/2
     0 | D:1      | 0 ||| qw: Version: 0.3-a-160-g6735b56
     0 | D:1      | 0 ||| qw: Game counter: 5302
     0 | D:1      | 0 ||| qw: Melee chars always use a shield: true
     0 | D:1      | 0 ||| qw: God list: Okawaru
     0 | D:1      | 0 ||| qw: Allow faded altars: false
     0 | D:1      | 0 ||| qw: Do Orc after clearing Dungeon:15 true
     0 | D:1      | 0 ||| qw: Do second Lair branch before Depths: true
     0 | D:1      | 0 ||| qw: Lair rune preference: random
     0 | D:1      | 0 ||| qw: Goals: Normal
     0 | D:1      | 0 ||| PLANNING D:1-11
    21 | D:1      | Reached skill level 3 in Dodging
   107 | D:1      | Found a faded altar of an unknown god.
   121 | D:1      | Reached XP level 2. HP: 14/14 MP: 3/3
   266 | D:1      | 266 ||| RETREEEEATING.
   269 | D:1      | 269 ||| RETREEEEATING.
   356 | D:1      | Reached XP level 3. HP: 18/18 MP: 4/4
   440 | D:1      | Found The Oracle's Delphic Readings.
   461 | D:1      | 461 ||| BUYING scroll of identify (20 gold).
   461 | D:1      | Bought a scroll of identify for 20 gold pieces
   461 | D:1      | 461 ||| SHOPLISTING scroll of teleportation (30 gold, have
                  | 22).
   843 | D:1      | 843 ||| READING scroll of identify.
   843 | D:1      | 843 ||| IDENTIFYING red potion
   844 | D:1      | 844 ||| READING scroll labelled LUACISTRIUFO.
   845 | D:1      | 845 ||| READING scroll labelled ILIFUBLOOSCH.
   846 | D:1      | 846 ||| READING scroll labelled ITZAIN DUM WECZA.
   847 | D:1      | 847 ||| DROPPING scroll of butterflies.
   947 | D:2      | Noticed Jessica
   953 | D:2      | Killed Jessica
   954 | D:2      | Reached XP level 4. HP: 22/22 MP: 5/5
  1568 | D:2      | 1568 ||| READING scroll labelled EFASAL RUCK.
  1568 | D:2      | 1568 ||| ENCHANTING +0 shortbow.
  1569 | D:2      | 1569 ||| READING scroll labelled BUPNAT BYUDEO.
  1688 | D:3      | HP: 4/23 [orc priest/divine providence (15)]
  1688 | D:3      | Slain by an orc

Levels and vault maps discovered:
D:1:      ldierk_walled_garden_2, layout_loops_ring,
          dreamdust_ecumenical_altar_drowned_temple, nicolae_nh_oracle_at_delphi
D:2:      layout_loops_ring, nicolae_half_adder, uniq_jessica,
          uniq_crazy_yiuf_cottage
D:3:      layout_basic

Skill      XL: |  1  2  3  4 |
---------------+-------------+-----
Dodging        | 3 4 5 |  5.1
Ranged Weapons | 5 |  5.2
Fighting       | |  1.7
Stealth        | |  1.5

Action                     |  1- 3 |  4- 6 || total
---------------------------+-------+-------++-------
   Fire: Shortbow          |   117 |    45 ||   162
    Use: Scroll            |     4 |     2 ||     6
 Armour: Robe              |    15 |     5 ||    20
  Dodge: Dodged            |    53 |     5 ||    58

Table legend:
 A = Non-vault XP
 B = Vault XP
 C = Vault XP percentage of total XP
 D = Non-vault monster count
 E = Vault monster count
 F = Vault count percentage of total count
                 A         B        C        D         E       F
            +---------+---------+-------+---------+---------+-------
      Total |     112 |      81 |  42.0 |      52 |       7 |  11.9
            +---------+---------+-------+---------+---------+-------
        D:1 |      68 |       4 |   5.6 |      36 |       3 |   7.7
        D:2 |      33 |      77 |  70.0 |      11 |       4 |  26.7
        D:3 |      11 |       0 |   0.0 |       5 |       0 |   0.0
            +---------+---------+-------+---------+---------+-------
